 Dungeon Crawl Stone Soup version 0.26.0-16-gc1dbca0489 (webtiles) character file.

Game seed: 6712226021628250595

291 KyoPewz the Cutter (level 6, -1/41 HPs)
             Began as a Halfling Fighter on Jan 21, 2021.
             Killed from afar by an orc wizard (5 damage)
             ... with a puff of frost
             ... on level 4 of the Dungeon.
             The game lasted 00:17:51 (4428 turns).

KyoPewz the Cutter (Halfling Fighter)               Turns: 4428, Time: 00:17:52

Health: -1/41      AC: 13    Str: 25    XL:     6   Next: 59%
Magic:  6/6        EV:  7    Int:  6    God:
Gold:   26         SH: 10    Dex: 14    Spells: 5/5 levels left

rFire    . . .     SeeInvis .   a - +0 rapier
rCold    . . .     Faith    .   c - +0 kite shield
rNeg     . . .     Spirit   .   p - +1 chain mail
rPois    .         Reflect  .   m - +2 hat
rElec    .         Harm     .   h - +0 cloak
rCorr    +         Rampage  .   (no gloves)
Will     .....                  (no boots)
Stlth    ..........             (no amulet)
HPRegen  0.13/turn              t - ring of resist corrosion
MPRegen  0.10/turn              r - +6 ring of strength

@: no status effects
A: small, mutation resistance 1
a: no special abilities


You were on level 4 of the Dungeon.
You visited 1 branch of the dungeon, and saw 4 of its levels.

You collected 164 gold pieces.
You spent 138 gold pieces at shops.

Inventory:

Hand Weapons
 a - a +0 rapier (weapon)
 b - a +0 hunting sling
   (You found it on level 2 of the Dungeon)
Missiles
 o - 74 sling bullets
Armour
 c - a +0 kite shield (worn)
 h - a +0 cloak (worn)
   (You bought it in a shop on level 4 of the Dungeon)
 l - a +2 leather armour of willpower
   (You found it on level 2 of the Dungeon)
 m - a +2 hat (worn)
   (You found it on level 2 of the Dungeon)
 p - a +1 chain mail (worn)
   (You found it on level 2 of the Dungeon)
Jewellery
 r - a +6 ring of strength (right hand)
   (You found it on level 2 of the Dungeon)
 t - a ring of resist corrosion (left hand)
   (You found it on level 2 of the Dungeon)
 v - an uncursed ring of fire
   (You found it on level 3 of the Dungeon)
Scrolls
 e - a scroll of enchant armour
 f - a scroll of identify {@r1}
 i - a scroll of teleportation {@r4}
 q - a scroll of remove curse {@r2}
Potions
 d - a potion of haste {@q3}
 g - 3 potions of flight
 j - a potion of curing {@q1}
 n - a potion of ambrosia
 s - a potion of heal wounds {@q2}


   Skills:
 - Level 2.6 Fighting
 + Level 7.8 Short Blades
 - Level 3.2 Armour
 - Level 3.2 Shields


You had 5 spell levels left.
You didn't know any spells.
Your spell library was empty.

Dungeon Overview and Level Annotations

Branches:
Dungeon (4/15)
 Temple: D:4-7

Altars:
Nemelex Xobeh
Xom
The Shining One

Shops:
D:4 *


Innate Abilities, Weirdness & Mutations

You are small and have problems with some larger weapons.
You are somewhat resistant to further mutation.


Message History

* * * LOW HITPOINT WARNING * * *
Something completely misses you.
The orc priest hits you but does no damage.
You puncture the orc priest!
You kill the orc priest!
The orc wizard barely misses you.
The orc wizard hits you but does no damage.
You puncture the orc wizard! You block the orc wizard's attack.
Something hits you but does no damage.
You barely miss the orc wizard.
The orc wizard hits you with a +0 dagger.
* * * LOW HITPOINT WARNING * * *
You hear some strange, mumbled words.
A puff of frost appears from out of thin air!
The puff of frost hits you.
* * * LOW HITPOINT WARNING * * *
The orc hits you but does no damage.
The orc wizard hits you but does no damage.
Something hits you but does no damage.
You closely miss the orc wizard.
The orc wizard hits you but does no damage.
Something hits you but does no damage. You block the orc's attack.
You hit the orc wizard.
You kill the orc wizard!
Something hits you but does no damage. Something hits you.
* * * LOW HITPOINT WARNING * * *
The orc hits you with a +0 falchion.
* * * LOW HITPOINT WARNING * * *
Things that are here:
a +0 dagger; a +0 robe; an orc corpse You hear some strange, mumbled words.
A puff of frost appears from out of thin air!
The puff of frost hits you but does no damage.
You miss something. Something hits you but does no damage.
You puncture something!
You hear some strange, mumbled words.
A puff of flame appears from out of thin air!
You block the puff of flame.
You miss something.
You hear some strange, mumbled words.
A puff of frost appears from out of thin air!
The puff of frost hits you!
* * * LOW HITPOINT WARNING * * *
You hear some strange, mumbled words.
A puff of frost appears from out of thin air!
The puff of frost hits you.
You die...

** ##.....## #...,* *,# ,**
*#.......## ##.######.#
,,***#.........####.........#
,,,,,+.........'.......######
,,***#...<.....####...####
,** ##.......##.........# **
##.....###.###.#...#* *
##...## #.# #...#..# * ##+#*
#@###..###.# ***** *,*
#.{.....#,.# ,,,,*
#.######o.###...## ***,*
*#.......#.####.## * *,*
**...#....o∩.....#
***,****,.....####.######
,,,,,,,**...#,* #..#
***,**,**#.#*,* #.##
***,**,,,.....###.#


You could see an orc.

Vanquished Creatures
  3 orc priests
  An orc wizard (D:4)
  An iguana (D:2)
  3 adders
  4 gnolls (D:3)
  An ooze (D:1)
  3 worms (D:3)
  A dart slug (D:1)
  2 leopard geckos
  7 orcs
  A ball python (D:1)
  A giant cockroach (D:3)
  6 goblins
  4 hobgoblins
  12 kobolds
  2 quokkas
  6 bats
  A frilled lizard (D:1)
  10 rats
69 creatures vanquished.

Notes
Turn   | Place    | Note
-------+----------+-------------------------------------------
     0 | D:1      | KyoPewz the Halfling Fighter began the quest for the Orb.
     0 | D:1      | Reached XP level 1. HP: 15/15 MP: 1/1
   139 | D:1      | Reached skill level 3 in Short Blades
   150 | D:1      | Reached XP level 2. HP: 20/20 MP: 2/2
   379 | D:1      | Reached skill level 4 in Short Blades
   379 | D:1      | Reached XP level 3. HP: 25/25 MP: 3/3
   761 | D:2      | Reached XP level 4. HP: 17/30 MP: 4/4
   894 | D:2      | Reached skill level 5 in Short Blades
  2924 | D:3      | Reached skill level 6 in Short Blades
  2924 | D:3      | Reached XP level 5. HP: 33/35 MP: 5/5
  3601 | D:3      | Found a sparkling altar of Nemelex Xobeh.
  3602 | D:3      | Found a shimmering altar of Xom.
  3684 | D:3      | Reached XP level 6. HP: 31/41 MP: 6/6
  3888 | D:3      | Reached skill level 7 in Short Blades
  4050 | D:3      | Found a glowing golden altar of the Shining One.
  4375 | D:4      | Found Zygehuo's General Store.
  4379 | D:4      | Bought a scroll of identify for 24 gold pieces
  4379 | D:4      | Bought a +0 cloak for 54 gold pieces
  4379 | D:4      | Bought a scroll of identify for 24 gold pieces
  4379 | D:4      | Bought a scroll of teleportation for 36 gold pieces
  4428 | D:4      | Killed from afar by an orc wizard

Illustrated notes

Levels and vault maps discovered:
D:1:      dpeg_arrival_rhombi, layout_loops_cross, grunt_decor_junction
D:2:      wander_river, layout_loops_ring
D:3:      layout_basic, lemuel_coloured_pillars_altar,
          gammafunk_temple_overflow_statue
D:4:      layout_loops_corners, serial_shops, nicolae_shop_crystal,
          uniq_grinder, uniq_duvessa, uniq_robin

Skill      XL: |  1  2  3  4  5  6 |
---------------+-------------------+-----
Short Blades   | 3 4 6 7 |  7.8
Fighting       | |  2.6
Armour         | |  3.2
Shields        | |  3.2

Action                   |  1- 3 |  4- 6 || total
-------------------------+-------+-------++-------
Melee: Rapier            |    53 |   226 ||   279
  Use: Potion            |       |     1 ||     1
       Scroll            |       |    10 ||    10
Armor: Scale mail        |    16 |    64 ||    80
       Chain mail        |       |    22 ||    22
Dodge: Dodged            |    17 |    80 ||    97
Block: Kite shield       |    27 |   100 ||   127
